 Dungeon Crawl Stone Soup version 0.30.0-17-ge0270778cf (webtiles) character file.

Game seed: 14061894689550598708

333 Sabo the Trooper (level 6, -1/39 HPs)
             Began as a Gargoyle Fighter on May 21, 2023.
             Was a Priest of Cheibriados.
             Slain by a jelly (2 damage)
             ... on level 4 of the Dungeon.
             The game lasted 00:17:08 (3152 turns).

Sabo the Trooper (Gargoyle Fighter)                 Turns: 3152, Time: 00:17:09

Health: -1/39      AC:  4    Str: 27    XL:     6   Next: 52%
Magic:  6/6        EV: 12    Int: 15    God:    Cheibriados [***...]
Gold:   219        SH:  0    Dex: 15    Spells: 5/5 levels left

rFire   + + .        h - +2 quarterstaff (spect)
rCold   + . .        (shield currently unavailable)
rNeg    + . .        j - +2 robe {rC+ rF+}
rPois   ∞            (no helmet)
rElec   +            (no cloak)
rCorr   .            (no gloves)
SInv    .            (no boots)
Will    .....        (no amulet)
Stlth   ++           n - ring of protection from fire
HPRegen 0.26/turn    (no ring)
MPRegen 0.10/turn

%: no passive effects
@: corroded, very slow
A: sickness immunity, AC +4, negative energy resistance 1, electricity
resistance, torment resistance 1, petrification resistance
a: Renounce Religion, Bend Time, Temporal Distortion


You were on level 4 of the Dungeon.
You worshipped Cheibriados.
Cheibriados was most pleased with you.
You visited 1 branch of the dungeon, and saw 4 of its levels.

You collected 219 gold pieces.

Inventory:

Hand Weapons
 a - a +0 war axe
 h - a +2 spectral quarterstaff (weapon)
Missiles
 l - 6 poisoned darts (quivered)
Armour
 b - a +0 scale mail
 c - a +0 buckler
 j - a +2 robe of resistance (worn)
Jewellery
 n - a ring of protection from fire (left hand)
Scrolls
 e - a scroll of teleportation
 f - a scroll of silence
 g - 3 scrolls of fog
 i - a scroll of summoning
 k - a scroll of blinking
 m - a scroll of enchant weapon {unknown}
Potions
 d - a potion of might
 p - a potion of curing {unknown}


   Skills:
 + Level 4.4 Fighting
 + Level 3.8 Axes
 + Level 1.3 Staves
 + Level 4.2 Armour
 + Level 1.2 Dodging
 + Level 1.2 Stealth
 + Level 3.9 Shields


You had 5 spell levels left.
You didn't know any spells.
Your spell library contained the following spells:

 Spells                   Type           Power      Damage    Failure   Level
 Summon Small Mammal      Summ           0%         N/A       26%         1
 Call Canine Familiar     Summ           0%         N/A       63%         3
 Summon Guardian Golem    Hex/Summ       0%         N/A       63%         3
 Vhi's Electric Charge    Tloc/Air       0%         N/A       63%         3
 Arcjolt                  Conj/Air       0%         1d10      100%        5
 Summon Forest            Summ/Tloc      0%         N/A       100%        5
 Summon Mana Viper        Hex/Summ       0%         N/A       100%        5
 Plasma Beam              Fire/Air       0%         2x1d11    100%        6
 Summon Cactus Giant      Summ           0%         N/A       100%        6


Dungeon Overview and Level Annotations

Branches:
Dungeon (4/15)
 Temple: D:4-7

Altars:
Cheibriados

Shops:
D:1 [


Innate Abilities, Weirdness & Mutations

You are immune to sickness and miasma.
Your stone body is resilient. (AC +4)
You are immune to poison.
You resist negative energy. (rN+)
You are resistant to electric shocks. (rElec)
You are resistant to unholy torment.
You are immune to petrification.


Message History

A jelly comes into view.
The gnoll hits you from afar with a +0 halberd.
The hound completely misses you. The gnoll completely misses you.
You sock the hound!
You kill the hound!
Cheibriados thoroughly appreciates the change of pace.
Your +2 spectral quarterstaff disappears.
The gnoll closely misses you.
You completely miss the hobgoblin.
Your +2 spectral quarterstaff barely misses the hobgoblin.
The hobgoblin hits you but does no damage.
The gnoll hits you from afar with a +0 halberd.
You hit the hobgoblin but do no damage.
Your +2 spectral quarterstaff hits the hobgoblin.
The hobgoblin closely misses you.
The gnoll hits you from afar with a +0 halberd.
You hit the hobgoblin.
The hobgoblin is severely wounded.
Your +2 spectral quarterstaff hits the hobgoblin.
You kill the hobgoblin!
Cheibriados appreciates the change of pace.
The gnoll closely misses you.
The jelly closely misses your +2 spectral quarterstaff.
The gnoll hits you but does no damage.
Your +2 spectral quarterstaff disappears.
The gnoll closely misses you.
Things that are here:
a +0 spear; a gnoll corpse You hit the jelly.
Your hands burn!
The jelly is lightly wounded.
Your +2 spectral quarterstaff hits the jelly.
Your +2 spectral quarterstaff is burned by acid!
Your spectral weapon shares its damage with you!
* * * LOW HITPOINT WARNING * * *
The jelly hits you.
* * * LOW HITPOINT WARNING * * *
The acid corrodes you!
You are splashed with acid!
* * * LOW HITPOINT WARNING * * *
The gnoll closely misses you. The jelly hits you.
You die...

.# #### ... ##..##
.#.####### #....## #
.........# ##.....# #.
.........# ##......##..
......(..# #.......#..#
......J@# ##.........#
.....g†)####.>.......##
...............).....#
.......###...........#
......# ##..........#
.....# #...........#
#...# ##...........#
#... #........)...# ##.
#...........>#


You could see a jelly, a gnoll and a friendly +2 spectral quarterstaff.

Vanquished Creatures
  Sigmund (D:2)
  A hound (D:4)
  Jessica (D:2)
  An iguana (D:3)
  2 gnolls (D:4)
  An adder (D:3)
  2 worms (D:2)
  A dart slug (D:2)
  3 orcs (D:3)
  7 ball pythons
  A bat (D:1)
  8 endoplasms
  7 goblins
  6 hobgoblins
  A quokka (D:1)
  3 frilled lizards
  7 kobolds
  4 rats (D:1)
57 creatures vanquished.

Notes
Turn   | Place    | Note
-------+----------+-------------------------------------------
     0 | D:1      | Sabo the Gargoyle Fighter began the quest for the Orb.
     0 | D:1      | Reached XP level 1. HP: 14/14 MP: 1/1
    87 | D:1      | Reached XP level 2. HP: 16/19 MP: 2/2
   152 | D:1      | Found a faded altar of an unknown god.
   160 | D:1      | Prayed at the altar of an unknown god.
   160 | D:1      | Became a worshipper of Cheibriados the Contemplative
   160 | D:1      | Reached * piety under Cheibriados
   364 | D:1      | Found Baal Ynoe's Armour Emporium.
   999 | D:2      | Reached XP level 3. HP: 20/23 MP: 3/3
  1099 | D:2      | Noticed Jessica
  1101 | D:2      | Killed Jessica
  1104 | D:2      | Reached XP level 4. HP: 27/29 MP: 4/4
  1389 | D:2      | Reached ** piety under Cheibriados
  1698 | D:2      | Noticed Sigmund
  1705 | D:2      | Killed Sigmund
  1706 | D:2      | Reached skill level 1 in Dodging
  1706 | D:2      | Reached XP level 5. HP: 32/33 MP: 5/5
  1706 | D:2      | Reached XP level 6. HP: 36/38 MP: 6/6
  2019 | D:3      | Found a snail-covered altar of Cheibriados.
  2030 | D:3      | Reached skill level 1 in Staves
  3142 | D:4      | Reached skill level 1 in Stealth
  3144 | D:4      | Reached *** piety under Cheibriados
  3152 | D:4      | HP: 1/39 [acid (8)]
  3152 | D:4      | Slain by a jelly

Illustrated notes

Levels and vault maps discovered:
D:1:      tarquinn_simple_flora_water_a, layout_loops_cross,
          shapermc_ecumenical_altar_flowoftime, serial_shops,
          nicolae_shop_tiny_real_fake_doors, hangedman_abyss_or_decor_stabs
D:2:      minmay_alternating_diamond, layout_basic, uniq_sigmund, uniq_jessica
D:3:      cheibrodos_helix_gallery, layout_basic,
          mainiacjoe_overflow_surrounded_room
D:4:      layout_cave_pods, minmay_stone_trees_medium, chequers_decorated_corner

Skill      XL: |  1  2  3  4  5  6 |
---------------+-------------------+-----
Axes           | 2 3 |  3.8
Armour         | 4 |  4.2
Fighting       | 4 |  4.4
Dodging        | 1 |  1.2
Staves         | 1 |  1.3
Stealth        | 1 |  1.2
Shields        | |  3.9

Action                     |  1- 3 |  4- 6 || total
---------------------------+-------+-------++-------
  Melee: War axe           |    95 |       ||    95
         Quarterstaff      |     2 |    58 ||    60
    Use: Scroll            |     4 |     4 ||     8
   Stab: Distracted        |       |     1 ||     1
 Armour: Scale mail        |    42 |       ||    42
         Robe              |       |    29 ||    29
  Dodge: Dodged            |    39 |    55 ||    94
  Block: Buckler           |    28 |       ||    28
